NCAA
SAINT JOHN'S RED STORM @ IOWA STATE CYCLONES
05/15/2025
 
TOP OF THE 1ST
Saint John's Red Storm batting - Pitching for Iowa State Cyclones : RHP Fernando Cruz
Pitching: RHP Fernando Cruz
Batting: LHB Félix Costa 0-0: Ball
1-0: SINGLE (Line Drive, 8RS)
Batting: RHB Brent Allen 0-0: Ball
1-0: SINGLE (Line Drive, 7S)
Félix Costa to second
Batting: RHB Nick Crosby 0-0: Foul Ball, location: 2F
0-1: SINGLE (Flyball, 89M)
Félix Costa to third
Brent Allen to second
Batting: RHB Ed Merritt 0-0: Fielders Choice at 2nd, 6-4 (Groundball, 6)
Félix Costa scores
Brent Allen to third
Batting: RHB Miguel Hernández 0-0: Ball
1-0: Ball
2-0: Foul Ball, location: 2F
2-1: Foul Ball, location: 2F
2-2: Strikes out looking
Batting: RHB Mac Johnson 0-0: Called Strike
0-1: Swinging Strike
0-2: Ball
1-2: Fly out, F8 (Flyball, 8RS)
Top of the 1st over - 1 run(s), 3 hit(s), 0 error(s), 2 left on base; Saint John's 1 - Iowa State 0
BOTTOM OF THE 1ST
Iowa State Cyclones batting - Pitching for Saint John's Red Storm : RHP Willard Mason
Pitching: RHP Willard Mason
Batting: SHB Mario Trujillo 0-0: Called Strike
0-1: Fly out, F9 (Flyball, 9M)
Batting: RHB Fernando Garza 0-0: Ball
1-0: DOUBLE (Groundball, 3L)
Batting: LHB Jerry Trent 0-0: Called Strike
0-1: Ball
1-1: Called Strike
1-2: SINGLE (Popup, 7LS)
Fernando Garza to third
Batting: RHB Steve Burton 0-0: Ball
1-0: Foul Ball, location: 2F
1-1: Ball
2-1: Foul Ball, location: 2F
2-2: Foul Ball, location: 2F
2-2: Ball
3-2: Base on Balls
Jerry Trent to second
Batting: LHB Ash Carney 0-0: Called Strike
0-1: Fly out, F8 (Flyball, 78S)
Batting: LHB Dale Miller 0-0: Called Strike
0-1: Called Strike
0-2: Ball
1-2: Strikes out swinging
Bottom of the 1st over - 0 run(s), 2 hit(s), 0 error(s), 3 left on base; Saint John's 1 - Iowa State 0
TOP OF THE 2ND
Saint John's Red Storm batting - Pitching for Iowa State Cyclones : RHP Fernando Cruz
Batting: SHB Dan Ross 0-0: Ball
1-0: Ball
2-0: Foul Ball, location: 2F
2-1: Ball
3-1: Base on Balls
Batting: RHB Jeffery Evans 0-0: Foul Ball, location: 2F
0-1: Ball
1-1: Ground out 5-3 (Groundball, 5S)
Dan Ross to second
Batting: SHB Ray O'Dell 0-0: Ball
1-0: Called Strike
1-1: Ball
2-1: Swinging Strike
2-2: Strikes out swinging
Batting: LHB Félix Costa 0-0: Ball
1-0: Ground out 6-3 (Groundball, 6)
Top of the 2nd over - 0 run(s), 0 hit(s), 0 error(s), 1 left on base; Saint John's 1 - Iowa State 0
BOTTOM OF THE 2ND
Iowa State Cyclones batting - Pitching for Saint John's Red Storm : RHP Willard Mason
Batting: RHB Arlen Jones 0-0: Called Strike
0-1: Ball
1-1: Ball
2-1: SINGLE (Groundball, 6MD)
Batting: RHB Frank Latham 0-0: Foul Ball, location: 2F
0-1: Foul Ball, location: 2F
0-2: Strikes out swinging
Batting: RHB Ira Ross 0-0: Ball
1-0: Ball
2-0: Ball
3-0: Base on Balls
Arlen Jones to second
Batting: SHB Mario Trujillo 0-0: Ball
Passed Ball!
Arlen Jones to third
Ira Ross to second
1-0: Ground out 1-3 (Groundball, 15)
Batting: RHB Fernando Garza 0-0: Ball
1-0: Fly out, F7 (Flyball, 7M)
Bottom of the 2nd over - 0 run(s), 1 hit(s), 0 error(s), 2 left on base; Saint John's 1 - Iowa State 0
TOP OF THE 3RD
Saint John's Red Storm batting - Pitching for Iowa State Cyclones : RHP Fernando Cruz
Batting: RHB Brent Allen 0-0: Called Strike
0-1: Swinging Strike
0-2: Ball
1-2: Strikes out swinging
Batting: RHB Nick Crosby 0-0: Foul Ball, location: 2F
0-1: SINGLE (Line Drive, 4MD)
Batting: RHB Ed Merritt 0-0: Grounds into double play, 4-6-3 (Groundball, 4)
Top of the 3rd over - 0 run(s), 1 hit(s), 0 error(s), 0 left on base; Saint John's 1 - Iowa State 0
BOTTOM OF THE 3RD
Iowa State Cyclones batting - Pitching for Saint John's Red Storm : RHP Willard Mason
Batting: LHB Jerry Trent 0-0: Swinging Strike
0-1: Swinging Strike
0-2: Ball
1-2: Ball
2-2: SINGLE (Groundball, 2L) (infield hit)
Batting: RHB Steve Burton 0-0: Called Strike
0-1: Swinging Strike
0-2: Ball
1-2: Fielders Choice at 2nd, 4-6 (Groundball, 4)
Batting: LHB Ash Carney 0-0: Ball
1-0: Called Strike
1-1: Grounds into double play, 1-6-3 (Groundball, 15S)
Bottom of the 3rd over - 0 run(s), 1 hit(s), 0 error(s), 0 left on base; Saint John's 1 - Iowa State 0
TOP OF THE 4TH
Saint John's Red Storm batting - Pitching for Iowa State Cyclones : RHP Fernando Cruz
Batting: RHB Miguel Hernández 0-0: Called Strike
0-1: Foul Ball, location: 2F
0-2: Ball
1-2: Strikes out swinging
Batting: RHB Mac Johnson 0-0: Called Strike
0-1: Ball
1-1: Foul Ball, location: 2F
1-2: Foul Ball, location: 2F
1-2: Ball
2-2: Ball
3-2: Base on Balls
Batting: SHB Dan Ross 0-0: Ball
1-0: Ball
2-0: Fielders Choice at 2nd, 1-6 (Groundball, 13S)
Batting: RHB Jeffery Evans 0-0: Foul Ball, location: 2F
0-1: Ball
1-1: Foul Ball, location: 2F
1-2: Ball
2-2: Foul Ball, location: 2F
2-2: Ball
3-2: Foul Ball, location: 2F
3-2: Base on Balls
Dan Ross to second
Batting: SHB Ray O'Dell 0-0: Ball
1-0: Called Strike
1-1: SINGLE (Line Drive, 9LS)
Dan Ross to third
Jeffery Evans to second
Runner from 3rd tries for Home, SAFE, no throw or cutoff
Batting: LHB Félix Costa 0-0: Foul Ball, location: 2F
0-1: Foul Ball, location: 2F
0-2: Strikes out swinging
Top of the 4th over - 1 run(s), 1 hit(s), 0 error(s), 2 left on base; Saint John's 2 - Iowa State 0
BOTTOM OF THE 4TH
Iowa State Cyclones batting - Pitching for Saint John's Red Storm : RHP Willard Mason
Batting: LHB Dale Miller 0-0: Ball
1-0: Ball
2-0: Ball
3-0: Base on Balls
Batting: RHB Arlen Jones 0-0: Called Strike
0-1: Ball
1-1: Swinging Strike
1-2: Ball
2-2: Ball
3-2: SINGLE (Flyball, 7LS)
Dale Miller to second
Batting: RHB Frank Latham 0-0: Ball
1-0: Grounds into double play, 6-4-3 (Groundball, 6)
Dale Miller to third
Batting: RHB Ira Ross 0-0: Ball
1-0: Ball
2-0: Ball
3-0: Called Strike
3-1: Fly out, F8 (Flyball, 8LS)
Bottom of the 4th over - 0 run(s), 1 hit(s), 0 error(s), 1 left on base; Saint John's 2 - Iowa State 0
TOP OF THE 5TH
Saint John's Red Storm batting - Pitching for Iowa State Cyclones : RHP Fernando Cruz
Batting: RHB Brent Allen 0-0: Called Strike
0-1: Ball
1-1: Ball
2-1: Ball
3-1: Foul Ball, location: 2F
3-2: Base on Balls
Batting: RHB Nick Crosby 0-0: DOUBLE (Line Drive, 5D)
Brent Allen to third
Batting: RHB Ed Merritt 0-0: Ball
1-0: Ball
2-0: Foul Ball, location: 2F
2-1: Fly out, F3 (Popup, 3L)
Batting: RHB Miguel Hernández 0-0: Intentional Walk
Pitching: RHP Luis Valentín
Batting: RHB Mac Johnson 0-0: Called Strike
0-1: Fly out, F2 (Popup, 2RF)
Batting: SHB Dan Ross 0-0: Ball
1-0: Fly out, F5 (Popup, 5SF)
Top of the 5th over - 0 run(s), 1 hit(s), 0 error(s), 3 left on base; Saint John's 2 - Iowa State 0
BOTTOM OF THE 5TH
Iowa State Cyclones batting - Pitching for Saint John's Red Storm : RHP Willard Mason
Batting: SHB Mario Trujillo 0-0: Swinging Strike
0-1: Foul Ball, location: 2F
0-2: Ball
1-2: Foul Ball, location: 2F
1-2: Strikes out swinging
Batting: RHB Fernando Garza 0-0: Ball
1-0: Swinging Strike
1-1: Ball
2-1: Swinging Strike
2-2: Ball
3-2: Strikes out swinging
Batting: LHB Jerry Trent 0-0: Ball
1-0: Ball
2-0: Ball
3-0: Base on Balls
Pitching: RHP Herman Merritt
Batting: RHB Steve Burton 0-0: Ground out 1-3 (Groundball, 13)
Bottom of the 5th over - 0 run(s), 0 hit(s), 0 error(s), 1 left on base; Saint John's 2 - Iowa State 0
TOP OF THE 6TH
Saint John's Red Storm batting - Pitching for Iowa State Cyclones : RHP Luis Valentín
Batting: RHB Jeffery Evans 0-0: Ball
1-0: Fly out, F8 (Flyball, 8LM)
Batting: SHB Ray O'Dell 0-0: Ball
1-0: Foul Ball, location: 2F
1-1: Foul Ball, location: 2F
1-2: Strikes out swinging
Batting: LHB Félix Costa 0-0: Ball
1-0: SINGLE (Groundball, 3D)
Batting: RHB Brent Allen 0-0: Called Strike
0-1: Ball
1-1: Called Strike
1-2: Foul Ball, location: 2F
1-2: Ball
Félix Costa is caught stealing 2nd base
Top of the 6th over - 0 run(s), 1 hit(s), 0 error(s), 0 left on base; Saint John's 2 - Iowa State 0
BOTTOM OF THE 6TH
Iowa State Cyclones batting - Pitching for Saint John's Red Storm : RHP Herman Merritt
Batting: LHB Ash Carney 0-0: SINGLE (Line Drive, 5D)
Batting: LHB Dale Miller 0-0: Called Strike
0-1: Foul Ball, location: 2F
0-2: Foul Ball, location: 2F
0-2: Ball
1-2: Ball
2-2: Strikes out swinging
Batting: RHB Arlen Jones 0-0: SINGLE (Groundball, 56D)
Ash Carney to second
Batting: RHB Frank Latham 0-0: Swinging Strike
0-1: Ball
1-1: Foul Ball, location: 2F
1-2: Foul Ball, location: 2F
1-2: Ball
2-2: Ball
3-2: Foul Ball, location: 2F
3-2: Base on Balls
Ash Carney to third
Arlen Jones to second
Batting: RHB Ira Ross 0-0: Ball
1-0: Ball
2-0: Called Strike
2-1: Foul Ball, location: 2F
2-2: Foul Ball, location: 2F
2-2: Strikes out looking
Batting: SHB Mario Trujillo 0-0: Ball
1-0: Foul Ball, location: 2F
1-1: Ball
2-1: Foul Ball, location: 2F
2-2: SINGLE (Line Drive, 6D)
Ash Carney scores
Arlen Jones to third
Frank Latham to second
Runner from 3rd tries for Home, SAFE, throw made home
Frank Latham to third
Mario Trujillo to second
Batting: RHB Fernando Garza 0-0: Called Strike
0-1: Ball
1-1: Ball
2-1: SINGLE (Flyball, 78S)
Frank Latham scores
Mario Trujillo to third
Runner from 3rd tries for Home, SAFE, no throw or cutoff
Pitching: RHP Gilberto Tolcunaga
Batting: LHB Jerry Trent 0-0: Swinging Strike
0-1: Ball
1-1: Ball
2-1: Ball
3-1: Foul Ball, location: 2F
3-2: Base on Balls
Fernando Garza to second
Batting: RHB Steve Burton 0-0: Ball
1-0: Called Strike
1-1: Ball
2-1: Foul Ball, location: 2F
2-2: Ball
3-2: Foul Ball, location: 2F
3-2: Foul Ball, location: 2F
3-2: Foul Ball, location: 2F
3-2: Foul Ball, location: 2F
3-2: Base on Balls
Fernando Garza to third
Jerry Trent to second
Batting: LHB Ash Carney 0-0: SINGLE (Flyball, 7S)
Fernando Garza scores
Jerry Trent to third
Steve Burton to second
Runner from 3rd tries for Home, SAFE, no throw or cutoff
Batting: LHB Dale Miller 0-0: Foul Ball, location: 2F
0-1: Ball
1-1: Foul Ball, location: 2F
1-2: Ball
2-2: Ball
3-2: Foul Ball, location: 2F
3-2: Fly out, F8 (Flyball, 8LXD)
Bottom of the 6th over - 6 run(s), 5 hit(s), 0 error(s), 2 left on base; Saint John's 2 - Iowa State 6
TOP OF THE 7TH
Saint John's Red Storm batting - Pitching for Iowa State Cyclones : RHP Luis Valentín
Batting: RHB Brent Allen 0-0: Called Strike
0-1: Ball
1-1: Ball
2-1: Swinging Strike
2-2: Foul Ball, location: 2F
2-2: Ball
3-2: Foul Ball, location: 2F
3-2: Strikes out swinging
Pitching: LHP Raúl Rivas
Batting: RHB Nick Crosby 0-0: Ball
1-0: Fly out, F4 (Popup, 34)
Batting: RHB Ed Merritt 0-0: Ball
1-0: Ball
2-0: Ball
3-0: Base on Balls
Batting: RHB Miguel Hernández 0-0: Called Strike
0-1: Ball
1-1: Swinging Strike
1-2: SINGLE (Flyball, 78S)
Ed Merritt to second
Ed Merritt to third
Batting: RHB Mac Johnson 0-0: Called Strike
0-1: Foul Ball, location: 2F
0-2: Foul Ball, location: 2F
0-2: Ball
Wild Pitch!
Ed Merritt scores
Miguel Hernández to second
1-2: SINGLE (Groundball, 6MD)
Miguel Hernández to third
Runner from 3rd tries for Home, SAFE, no throw or cutoff
Batting: SHB Dan Ross 0-0: Ball
1-0: Ball
2-0: Called Strike
2-1: Swinging Strike
2-2: Strikes out swinging
Top of the 7th over - 2 run(s), 2 hit(s), 0 error(s), 1 left on base; Saint John's 4 - Iowa State 6
BOTTOM OF THE 7TH
Iowa State Cyclones batting - Pitching for Saint John's Red Storm : RHP Gilberto Tolcunaga
Batting: RHB Arlen Jones 0-0: Ball
1-0: Ball
2-0: Ball
3-0: Base on Balls
Batting: RHB Frank Latham 0-0: Called Strike
0-1: Fly out, F8 (Flyball, 8RM)
Batting: RHB Ira Ross 0-0: Swinging Strike
0-1: Ball
1-1: Ball
2-1: Called Strike
2-2: Ball
3-2: Base on Balls
Arlen Jones to second
Batting: SHB Mario Trujillo 0-0: Ball
1-0: Swinging Strike
1-1: Swinging Strike
1-2: Strikes out looking
Pitching: RHP Dan Rodríguez
Batting: RHB Fernando Garza 0-0: Fly out, F9 (Flyball, 89D)
Bottom of the 7th over - 0 run(s), 0 hit(s), 0 error(s), 2 left on base; Saint John's 4 - Iowa State 6
TOP OF THE 8TH
Saint John's Red Storm batting - Pitching for Iowa State Cyclones : LHP Raúl Rivas
Batting: RHB Jeffery Evans 0-0: Called Strike
0-1: Ball
1-1: Ball
2-1: Fly out, F8 (Flyball, 8RM)
Batting: SHB Ray O'Dell 0-0: Ball
1-0: Called Strike
1-1: Ball
2-1: Ball
3-1: Foul Ball, location: 2F
3-2: Foul Ball, location: 2F
3-2: DOUBLE (Line Drive, 7M)
Batting: LHB Félix Costa 0-0: Ball
1-0: Foul Ball, location: 2F
1-1: Swinging Strike
1-2: Foul Ball, location: 2F
1-2: Ball
2-2: Foul Ball, location: 2F
2-2: Strikes out swinging
Pitching: RHP Derek Baker
Batting: RHB Brent Allen 0-0: Ball
1-0: Ball
2-0: Ball
3-0: Called Strike
3-1: Base on Balls
Batting: RHB Nick Crosby 0-0: Ball
1-0: Fielders Choice at 2nd, 6-4 (Groundball, 6)
Top of the 8th over - 0 run(s), 1 hit(s), 0 error(s), 1 left on base; Saint John's 4 - Iowa State 6
BOTTOM OF THE 8TH
Iowa State Cyclones batting - Pitching for Saint John's Red Storm : RHP Dan Rodríguez
Batting: LHB Jerry Trent 0-0: Ball
1-0: Ground out 1-3 (Groundball, 25)
Batting: RHB Steve Burton 0-0: Ball
1-0: Foul Ball, location: 2F
1-1: Ball
2-1: Foul Ball, location: 2F
2-2: Ball
3-2: Strikes out swinging
Batting: LHB Ash Carney 0-0: Called Strike
0-1: Ground out 4-3 (Groundball, 4)
Bottom of the 8th over - 0 run(s), 0 hit(s), 0 error(s), 0 left on base; Saint John's 4 - Iowa State 6
TOP OF THE 9TH
Saint John's Red Storm batting - Pitching for Iowa State Cyclones : RHP Derek Baker
Pitching: LHP José Aragón
Batting: RHB Ed Merritt 0-0: Ball
1-0: Swinging Strike
1-1: Foul Ball, location: 2F
1-2: Strikes out looking
Batting: RHB Miguel Hernández 0-0: Ball
1-0: Ball
2-0: Foul Ball, location: 2F
2-1: Ball
3-1: Base on Balls
Batting: RHB Mac Johnson 0-0: Ball
1-0: Ball
2-0: Foul Ball, location: 2F
2-1: Foul Ball, location: 2F
2-2: Ball
3-2: Foul Ball, location: 2F
3-2: Base on Balls
Miguel Hernández to second
Batting: SHB Dan Ross 0-0: Swinging Strike
0-1: Foul Ball, location: 2F
0-2: Strikes out swinging
Batting: RHB Jeffery Evans 0-0: Foul Ball, location: 2F
0-1: Ground out 6-3 (Groundball, 56)
Top of the 9th over - 0 run(s), 0 hit(s), 0 error(s), 2 left on base; Saint John's 4 - Iowa State 6
This league is powered by Out of the Park Baseball, the baseball management simulation game for PC, Mac and Linux
Tuesday, August 2nd, 2016 - OOTP Baseball 16.8 Build 38